 Dungeon Crawl Stone Soup version 0.29-a0-352-g0917bc69df (webtiles) character file.

Game seed: 17346489325935017802

171730 jlumianski the Slicer (level 17, -14/135 HPs)
             Began as a Demonspawn Fighter on Apr 22, 2022.
             Was the Champion of Wu Jian.
             Killed from afar by an ironbound frostheart (20 damage)
             ... by creeping frost
             ... in an ice cave on Apr 23, 2022.
             The game lasted 03:09:12 (30666 turns).

jlumianski the Slicer (Demonspawn Fighter)         Turns: 30666, Time: 03:09:12

Health: -14/135    AC: 11    Str: 19      XL:     17   Next: 39%
Magic:  0/17       EV: 35    Int:  8 (10) God:    Wu Jian [******]
Gold:   3433       SH: 14    Dex: 27      Spells: 9/16 levels left

rFire   . . .      SeeInvis +   y - +9 rapier "Ziosoree" {vorpal, rPois Dex+9}
rCold   + . .      Faith    .   j - +0 kite shield
rNeg    . . .      Spirit   +   z - +1 troll leather armour {Snorg}
rPois   +          Reflect  .   (helmet unavailable)
rElec   .          Harm     .   q - scarf {repulsion}
rCorr   .          Rampage  .   f - +2 pair of gloves
Will    +....                   Q - +1 pair of boots {Stlth+}
Stlth   +++++++...              F - amulet of the acrobat
HPRegen 1.12/turn               b - ring of protection from cold
MPRegen 0.30/turn               I - ring of see invisible

@: frozen, acrobatic, repel missiles, very slow
A: horns 3, ignite blood 3, magic shield, magic regeneration, magic link, sturdy
frame 3
a: Renounce Religion, Wall Jump, Serpent's Lash, Heavenly Storm


You were in an ice cave.
You worshipped Wu Jian.
Wu Jian was exalted by your worship.
You visited 5 branches of the dungeon, and saw 27 of its levels.
You also visited: Ice Cave.

You collected 3985 gold pieces.
You spent 552 gold pieces at shops.

Inventory:

Hand Weapons
 y - the +9 rapier "Ziosoree" (weapon) {vorpal, rPois Dex+9}
   (You found it on level 5 of the Dungeon)

   It inflicts extra damage upon your enemies.
   Dex:       It affects your dexterity (+9).
   rPois:     It protects you from poison.
Missiles
 A - 16 boomerangs (quivered)
 O - 6 silver javelins
 R - 10 curare-tipped darts
Armour
 f - a +2 pair of gloves (worn)
 j - a +0 kite shield (worn)
 q - a scarf of repulsion (worn)
 z - a +1 troll leather armour (worn) {Snorg}
 Q - a +1 pair of boots of stealth (worn)
Jewellery
 b - a ring of protection from cold (left hand)
 p - a ring of magical power
 s - a ring of resist corrosion
 w - a ring of wizardry
 F - an amulet of the acrobat (around neck)
 G - a ring of flight
 I - a ring of see invisible (right hand)
 P - the ring "Jung" {rElec rPois rC+}
   (You found it on level 8 of the Dungeon)

   [ring of poison resistance]

   rC:        It protects you from cold.
   rElec:     It insulates you from electricity.
   rPois:     It protects you from poison.
 S - a ring of protection from fire
Wands
 c - a wand of paralysis (12)
 C - a wand of mindburst (12)
 J - a wand of iceblast (22)
 K - a wand of acid (11)
 T - a wand of digging (18)
 U - a wand of flame (68)
 V - a wand of charming (15)
Scrolls
 a - a scroll of silence
 e - 3 scrolls of summoning
 g - 12 scrolls of teleportation
 i - 3 scrolls of fear
 t - 3 scrolls of fog
 B - 6 scrolls of blinking
 M - a scroll of magic mapping
Potions
 d - a potion of might
 k - 5 potions of haste
 l - 7 potions of berserk rage
 m - a potion of invisibility
 n - 4 potions of flight
 o - a potion of lignification
 r - 9 potions of heal wounds
 u - 8 potions of curing
 H - 2 potions of cancellation
 L - a potion of resistance
Miscellaneous
 h - a phantom mirror (inert)
 N - a phial of floods


   Skills:
 + Level 12.7 Fighting
 - Level 14.0 Short Blades
 - Level 4.9 Axes
 + Level 3.4 Throwing
 + Level 6.1 Armour
 + Level 9.5 Dodging
 + Level 12.2 Stealth
 + Level 9.7 Shields
 - Level 6.2 Summonings
 * Level 8.2 Translocations
 * Level 12.3 Evocations


You had 9 spell levels left.
You knew the following spells:

 Your Spells              Type           Power      Damage    Failure   Level
a - Call Canine Familiar  Summ           9%         N/A       24%         3
b - Blink                 Tloc           26%        N/A       4%          2
c - Call Imp              Summ           9%         N/A       12%         2

Your spell library contained the following spells:

 Spells                   Type           Power      Damage    Failure   Level
 Apportation              Tloc           26%        N/A       3%          1
 Summon Small Mammal      Summ           36%        N/A       8%          1
 Gell's Gravitas          Tloc           13%        N/A       10%         3
 Lesser Beckoning         Tloc           13%        N/A       10%         3
 Teleport Other           Tloc           13%        N/A       10%         3
 Passage of Golubria      Tloc           13%        N/A       32%         4
 Portal Projectile        Hex/Tloc       12%        N/A       50%         3
 Animate Skeleton         Necr           0%         N/A       69%         1
 Magic Dart               Conj           0%         1d3       69%         1
 Sting                    Tmut/Pois      0%         1d3       69%         1
 Corpse Rot               Necr/Air       0%         N/A       83%         2
 Poisonous Vapours        Pois/Air       0%         N/A       83%         2
 Sublimation of Blood     Necr           0%         N/A       83%         2
 Summon Ice Beast         Ice/Summ       4%         N/A       95%         4
 Conjure Flame            Conj/Fire      0%         6-21      96%         3
 Ignite Poison            Fire/Tmut/Pois 0%         N/A       96%         3
 Mephitic Cloud           Conj/Pois/Air  0%         N/A       96%         3
 Ozocubu's Armour         Ice            0%         N/A       96%         3
 Tukima's Dance           Hex            0%         N/A       96%         3
 Dispersal                Tloc           6%         N/A       99%         6
 Anguish                  Hex/Necr       0%         N/A       100%        4
 Animate Dead             Necr           0%         N/A       100%        4
 Dispel Undead            Necr           0%         3d6       100%        4
 Leda's Liquefaction      Hex/Erth       0%         N/A       100%        4
 Olgreb's Toxic Radiance  Pois           0%         N/A       100%        4
 Petrify                  Tmut/Erth      0%         N/A       100%        4
 Sticky Flame             Conj/Fire      0%         2d3       100%        4
 Blade Hands              Tmut           0%         N/A       100%        5
 Borgnjor's Vile Clutch   Necr/Erth      0%         N/A       100%        5
 Irradiate                Conj/Tmut      0%         3d13      100%        5
 Metabolic Englaciation   Hex/Ice        0%         N/A       100%        5
 Summon Mana Viper        Hex/Summ       4%         N/A       100%        5
 Yara's Violent Unravell  Hex/Tmut       0%         3d3       100%        5
 Death Channel            Necr           0%         N/A       100%        6
 Statue Form              Tmut/Erth      0%         N/A       100%        6
 Dragon Form              Tmut           0%         N/A       100%        7
 Enfeeble                 Hex            0%         N/A       100%        7
 Monstrous Menagerie      Summ           4%         N/A       100%        7
 Ozocubu's Refrigeration  Ice            0%         4d5       100%        7


Dungeon Overview and Level Annotations

Branches:
Dungeon (15/15)            Temple (1/1) D:6            Lair (6/6) D:11
  Swamp (0/4) Lair:4        Snake (3/4) Lair:3        Slime (0/5) Lair:5
    Orc (2/2) D:9             Elf (0/3) Orc:2        Vaults (0/5) D:14
 Depths (0/4) D:15          IceCv (1/1)

Altars:
Ashenzari
Cheibriados
Dithmenos
Elyvilon
Fedhas
Gozag
Hepliaklqana
Kikubaaqudgha
Makhleb
Nemelex Xobeh
Okawaru
Qazlal
Ru
Sif Muna
Trog
Uskayaw
Vehumet
Wu Jian
Xom
Yredelemnul
Zin
The Shining One
Beogh

Shops:
D:3 [   D:15 (:*[   Orc:2 [[(!

Annotations:
D:8 2 runed translucent doors IceCv exclusion: orange crystal statue


Innate Abilities, Weirdness & Mutations

You have a pair of large horns on your head.
Your demonic aura causes all spilled blood to erupt in flames.
When hurt, damage is shared between your health and your magic reserves.
You regenerate magic rapidly.
When low on magic, you restore magic in place of health.
Your movements are significantly less encumbered by armour. (ER -6)


Message History

The ice dragon completely misses you.
Aiming: Phantom Mirror
Press: ? - help, Dir - move target, f/p - ice dragon
Aim: an ice dragon (almost dead, summoned, covered in acid)
You reflect the ice dragon with the mirror!
The mirror clouds!
The rime drake is engulfed in blazing flames.
You kill the rime drake!
The rime drake's corpse dissolves into shadows!
Your ice dragon breathes frost at the ice dragon.
The blast of cold misses the ice dragon.
The ice dragon barely misses you. The ice dragon claws you!
The ice dragon tramples you but does no damage.
You puncture the ice dragon!
You kill the ice dragon!
The ice dragon's corpse dissolves into shadows!
Your ice dragon breathes frost at the ironbound frostheart.
You hear a sizzling sound!
Your ice dragon is no longer covered in acid.
The ironbound frostheart completely misses your ice dragon.
Your ice dragon bites the ironbound frostheart.
Your ice dragon claws the ironbound frostheart.
Your ice dragon tramples the ironbound frostheart!
The ironbound frostheart holds its ground!
The ironbound frostheart is no longer covered in acid.
The ironbound frostheart touches your ice dragon!
Your ice dragon dies!
Your ice dragon's corpse shimmers and vanishes!
The ice dragon breathes frost at you. The blast of cold hits you!! You resist.
The ironbound frostheart calls freezing cold from the walls.
The frost grips you!! You partially resist.
* * * LOW HITPOINT WARNING * * *
You are encased in ice.
The ironbound frostheart calls freezing cold from the walls.
The frost grips you!! You partially resist.
* * * LOW HITPOINT WARNING * * *
The ironbound frostheart calls freezing cold from the walls.
The frost grips you!! You partially resist.
You die...

# ######## ..##≈≈≈###.#
.##≈≈≈≈≈≈#... .#≈≈≈≈≈≈≈≈#. #
##≈≈≈≈≈≈≈≈≈. .## #≈≈≈≈≈≈≈##
#.. #≈≈≈≈≈≈≈## ##### ..###
##†≈≈≈≈≈≈####.@.### ##k..##
###÷≈≈######....#...###[.8.$#
##≈≈##..##.....####..###...#
.†######......## ##pD.p..##
### ######## ########


You could see an ice dragon (summoned, corroded) and 2 ironbound frosthearts.

Vanquished Creatures
  Jorgrun (D:13)
  Frances (Snake:2)
  Gastronok (D:11)
  A nagaraja (Snake:2)
  The ghost of NateTC the Warrior, a journeyman HOFi of Beogh (Snake:2)
  2 orc warlords (Orc:2)
  A stone giant (D:14)
  An ironbound preserver (D:13)
  2 entropy weavers (Lair:4)
  Nessos (Lair:6)
  Azrael (D:14)
  A white draconian (IceCv)
  Snorg (Lair:4)
  A fire dragon (Lair:6)
  An ice dragon (Lair:6)
  Erolcha (D:13)
  4 boulder beetles
  A rakshasa (D:15)
  7 centaur warriors
  7 hydras
  3 ghost crabs (Lair:4)
  2 ogre magi
  A salamander tyrant (Snake:2)
  14 anacondas
  2 catoblepae
  2 naga warriors (Snake:2)
  8 two-headed ogres
  6 shock serpents
  6 naga sharpshooters
  An orc high priest (Orc:1)
  Nergalle (D:11)
  6 fire crabs (Lair:4)
  8 skeletal warriors
  2 salamander mystics
  A swamp dragon (Lair:6)
  4 naga ritualists (Snake:2)
  3 wizards (D:15)
  A deep troll (D:14)
  A lindwurm (Lair:6)
  A wolf spider zombie (D:15)
  10 mana vipers
  A necromancer (D:15)
  2 orc knights
  Pikel (D:6)
  3 deep elf pyromancers
  A salamander (shapeshifter) (D:15)
  The ghost of OTABOTABOTAB the Ruffian, a novice DrTm of Cheibriados (D:6)
  An oklob plant (Lair:5)
  6 orc sorcerers
  18 ugly things
  3 manticores
  11 elephants
  Joseph (D:7)
  5 salamanders
  A guardian serpent (Snake:2)
  A centaur zombie (D:15)
  6 cyclopes
  37 black mambas
  7 naga magi
  5 torpor snails (Lair:6)
  2 gargoyles
  3 centaur skeletons (D:15)
  13 cane toads
  A cane toad (shapeshifter) (D:15)
  An unseen horror (D:13)
  20 rime drakes (IceCv)
  A yaktaur (D:14)
  14 komodo dragons
  Maggie (D:7)
  A tengu conjurer (D:14)
  21 polar bears
  A troll (shapeshifter) (D:14)
  4 tyrant leeches (Lair:6)
  7 trolls
  10 hornets
  A wolf spider simulacrum (D:14)
  13 dream sheep
  8 slime creatures
  10 blink frogs
  A blink frog (shapeshifter) (D:14)
  Sigmund (D:6)
  A spriggan (shapeshifter) (D:14)
  12 spriggans (Lair:3)
  A shadow (D:10)
  6 wyverns
  A water elemental (D:13)
  A basilisk (shapeshifter) (D:14)
  5 steam dragons
  71 yaks
  2 wraiths (D:10)
  A fire elemental (D:13)
  10 basilisks
  A neqoxec (Lair:4)
  15 vampire mosquitoes
  13 nagas
  8 water moccasins
  2 acid dragons
  4 hell hounds
  Duvessa (D:6)
  4 black bears
  34 orc warriors
  3 swamp drakes
  A sky beast (D:7)
  13 ogres
  3 boggarts (Lair:3)
  A lemure (D:6)
  4 wolves (Lair:1)
  6 centaurs
  3 phantoms
  A kobold brigand (D:11)
  14 bullfrogs
  A necrophage (D:5)
  3 scorpions
  7 wights
  A gnoll sergeant (D:11)
  Dowan (D:6)
  4 killer bees
  3 howler monkeys
  2 electric eels
  A crimson imp (Orc:2)
  13 jellies
  An iron imp (Orc:2)
  21 orc priests
  A gnoll shaman (D:6)
  5 hounds
  5 iguanas
  27 orc wizards
  12 gnolls
  7 adders
  2 shadow imps
  An ufetubus (D:6)
  3 worms
  A dart slug (D:3)
  103 orcs
  3 ball pythons
  7 endoplasms
  4 giant cockroaches
  10 goblins
  7 hobgoblins
  5 jackals
  10 quokkas
  2 bats
  2 frilled lizards
  8 kobolds
  6 rats
896 creatures vanquished.

Vanquished Creatures (collateral kills)
  A yak (Lair:4)
  A black bear (Lair:2)
  2 bullfrogs
4 creatures vanquished.

Vanquished Creatures (others)
  A white imp (Orc:2)
  3 orcs (Orc:2)
  21 fungi
  53 plants
78 creatures vanquished.

Grand Total: 978 creatures vanquished

Notes
Turn   | Place    | Note
-------+----------+-------------------------------------------
     0 | D:1      | jlumianski the Demonspawn Fighter began the quest for the
                  | Orb.
     0 | D:1      | Reached XP level 1. HP: 18/18 MP: 1/1
   230 | D:1      | Gained mutation: You regenerate magic rapidly. [demonic
                  | ancestry]
   230 | D:1      | Reached XP level 2. HP: 24/24 MP: 2/2
   945 | D:2      | Reached XP level 3. HP: 28/29 MP: 3/3
  2490 | D:3      | Gained mutation: When hurt, damage is shared between your
                  | health and your magic reserves. [demonic ancestry]
  2490 | D:3      | Reached XP level 4. HP: 28/35 MP: 4/4
  2906 | D:3      | Found Bidosy's Armour Shop.
  2930 | D:3      | Bought a scarf of repulsion for 132 gold pieces
  3546 | D:5      | Entered Level 5 of the Dungeon
  3691 | D:5      | Reached XP level 5. HP: 35/41 MP: 5/5
  3789 | D:5      | Noticed a phantom
  3795 | D:6      | Noticed an orc warrior
  3813 | D:5      | Killed a phantom
  3814 | D:5      | Reached skill level 1 in Dodging
  4078 | D:4      | Noticed a phantom
  4089 | D:4      | Killed a phantom
  4090 | D:4      | Gained mutation: Your movements are slightly less
                  | encumbered by armour. (ER -2) [demonic ancestry]
  4090 | D:4      | Reached XP level 6. HP: 46/48 MP: 6/6
  4568 | D:4      | Reached skill level 1 in Stealth
  4598 | D:4      | Found a shimmering altar of Xom.
  4911 | D:5      | Gained mutation: You have a pair of small horns on your
                  | head. [demonic ancestry]
  4911 | D:5      | Reached XP level 7. HP: 41/54 MP: 7/7
  5229 | D:5      | Identified the +9 rapier "Ziosoree" {vorpal, rPois Dex+9}
  5627 | D:6      | Reached skill level 1 in Short Blades
  5627 | D:6      | Reached skill level 1 in Throwing
  5632 | D:6      | Noticed OTABOTABOTAB's ghost (novice DrTm)
  5633 | D:6      | Found a transporter.
  5652 | D:6      | Noticed Duvessa
  5653 | D:6      | Noticed Dowan
  5675 | D:6      | Killed Duvessa
  5676 | D:6      | Reached skill level 2 in Short Blades
  5676 | D:6      | Reached skill level 5 in Armour
  5676 | D:6      | Gained mutation: Your movements are less encumbered by
                  | armour. (ER -4) [demonic ancestry]
  5676 | D:6      | Reached XP level 8. HP: 60/61 MP: 8/8
  5679 | D:6      | Killed Dowan
  5705 | D:6      | Found a transporter.
  5794 | D:6      | Reached skill level 3 in Short Blades
  6026 | D:7      | Found a sacrificial altar of Ru.
  6285 | D:6      | Identified the +6 spear of Checkmate {freeze, MP+9 Int+6
                  | Dex-2 Stlth+}
  6304 | D:6      | Noticed Sigmund
  6313 | D:6      | Killed Sigmund
  6314 | D:6      | Reached skill level 4 in Short Blades
  6331 | D:6      | Found a staircase to the Ecumenical Temple.
  6341 | Temple   | Entered the Ecumenical Temple
  6444 | Temple   | Became a worshipper of the Wu Jian Council
  6592 | D:7      | Noticed Joseph
  6593 | D:7      | Found an iron altar of Okawaru.
  6596 | D:7      | Found a blossoming altar of Fedhas.
  6614 | D:7      | Noticed Maggie
  6632 | D:7      | Killed Maggie
  6633 | D:7      | Reached skill level 5 in Short Blades
  6633 | D:7      | Gained mutation: Your demonic aura sometimes causes spilled
                  | blood to erupt in flames. [demonic ancestry]
  6633 | D:7      | Reached XP level 9. HP: 20/67 MP: 3/9
  6929 | D:6      | Noticed Pikel
  6938 | D:6      | Killed Pikel
  6939 | D:6      | Reached skill level 5 in Fighting
  6939 | D:6      | Reached skill level 6 in Short Blades
  7105 | D:6      | Found a stormy altar of Qazlal.
  7283 | D:6      | Killed OTABOTABOTAB's ghost
  7284 | D:6      | Reached skill level 7 in Short Blades
  7622 | D:8      | Reached * piety under Wu Jian
  7630 | D:8      | Reached skill level 8 in Short Blades
  7718 | D:9      | Gained mutation: You have a pair of horns on your head.
                  | [demonic ancestry]
  7718 | D:9      | Reached XP level 10. HP: 75/75 MP: 10/10
  7860 | D:8      | Found a large runed translucent door.
  7861 | D:8      | Found a large runed translucent door.
  7893 | D:7      | Killed Joseph
  7947 | D:8      | Found a large runed translucent door.
  7947 | D:8      | Found a large runed translucent door.
  7994 | D:8      | Found a sparkling altar of Nemelex Xobeh.
  7995 | D:8      | Found a hide-covered altar of Uskayaw.
  7998 | D:8      | Found a burning altar of Makhleb.
  7999 | D:8      | Found a shadowy altar of Dithmenos.
  8634 | D:8      | Reached skill level 9 in Short Blades
  8754 | D:8      | Noticed a catoblepas
  8780 | D:8      | Killed a catoblepas
  8781 | D:8      | Reached skill level 1 in Evocations
  8974 | D:8      | Identified the ring "Jung" {rElec rPois rC+}
  9130 | D:9      | Found a staircase to the Orcish Mines.
  9400 | D:10     | Entered Level 10 of the Dungeon
  9413 | D:10     | Found a radiant altar of Vehumet.
 10175 | D:10     | Reached skill level 10 in Short Blades
 10192 | D:10     | Reached ** piety under Wu Jian
 10513 | D:10     | Reached skill level 5 in Shields
 10513 | D:10     | Gained mutation: Your demonic aura often causes spilled
                  | blood to erupt in flames. [demonic ancestry]
 10513 | D:10     | Reached XP level 11. HP: 81/81 MP: 11/11
 10577 | D:11     | Found a broken altar of Ashenzari.
 10578 | D:11     | Noticed a purple ugly thing
 10750 | D:10     | Noticed a two-headed ogre
 10780 | D:10     | Found a bloodstained altar of Trog.
 11130 | D:9      | Killed a two-headed ogre
 11755 | D:11     | Noticed a seven-headed hydra
 11763 | D:11     | Killed a purple ugly thing
 11775 | D:11     | Killed a seven-headed hydra
 11776 | D:11     | Reached skill level 11 in Short Blades
 11839 | D:10     | Reached skill level 5 in Dodging
 11852 | D:11     | Reached *** piety under Wu Jian
 11971 | D:11     | Reached skill level 5 in Evocations
 12018 | D:11     | Noticed Gastronok
 12047 | D:11     | Killed Gastronok
 12048 | D:11     | Gained mutation: Your movements are significantly less
                  | encumbered by armour. (ER -6) [demonic ancestry]
 12048 | D:11     | Reached XP level 12. HP: 70/91 MP: 8/12
 12087 | D:11     | Learned a level 3 spell: Call Canine Familiar
 12131 | D:13     | Noticed a five-headed hydra
 12137 | D:12     | Killed a five-headed hydra
 12384 | D:11     | Noticed Nergalle
 12390 | D:11     | Killed Nergalle
 12391 | D:11     | Reached skill level 1 in Summonings
 12579 | D:11     | Found a staircase to the Lair.
 12697 | D:12     | Noticed a six-headed hydra
 12700 | D:12     | Killed a six-headed hydra
 12925 | D:12     | Reached skill level 5 in Stealth
 13012 | D:12     | Noticed a two-headed ogre
 13025 | D:12     | Killed a two-headed ogre
 13530 | D:14     | Reached skill level 12 in Short Blades
 13597 | D:14     | Noticed a stone giant
 13601 | D:14     | Killed a stone giant
 13705 | D:15     | Entered Level 15 of the Dungeon
 13724 | D:14     | Noticed a boulder beetle
 13730 | D:14     | Noticed a centaur warrior
 13756 | D:14     | Reached **** piety under Wu Jian
 13842 | D:13     | Killed a boulder beetle
 13897 | D:13     | Noticed a centaur warrior
 13918 | D:13     | Noticed a centaur warrior
 13923 | D:13     | Killed a centaur warrior
 14018 | D:12     | Killed a centaur warrior
 14068 | D:13     | Gained mutation: You have a pair of large horns on your
                  | head. [demonic ancestry]
 14068 | D:13     | Reached XP level 13. HP: 98/99 MP: 13/13
 14324 | D:13     | Noticed Jorgrun
 14329 | D:13     | Noticed Erolcha
 14332 | D:13     | Killed Jorgrun
 14341 | D:13     | Killed Erolcha
 14605 | D:13     | Reached skill level 5 in Summonings
 14961 | D:14     | Noticed Azrael
 15102 | D:14     | Killed Azrael
 15103 | D:14     | Reached skill level 13 in Short Blades
 15544 | D:15     | Gained mutation: When low on magic, you restore magic in
                  | place of health. [demonic ancestry]
 15544 | D:15     | Reached XP level 14. HP: 76/108 MP: 10/14
 15556 | D:15     | Found Ongix's General Store.
 15557 | D:15     | Found Xohurugio's Antique Weapon Emporium.
 15571 | D:15     | Got Sif Muna's Papyrus of the Poisonous Traveller
 15585 | D:15     | Learned a level 2 spell: Blink
 15597 | D:15     | Found Ecushradd's Antique Armour Emporium.
 15598 | D:15     | Found Ugipn's Book Emporium.
 15691 | D:15     | Reached ***** piety under Wu Jian
 15749 | D:15     | Reached skill level 1 in Translocations
 15900 | D:14     | Found a gate to the Vaults.
 15900 | D:14     | Noticed an ironbound preserver
 15929 | D:13     | Killed an ironbound preserver
 16342 | D:15     | Found a radiant altar of Vehumet.
 16466 | D:15     | Reached skill level 10 in Fighting
 16567 | D:15     | Found a staircase to the Depths.
 16960 | Lair:1   | Entered Level 1 of the Lair of Beasts
 16960 | Lair:1   | Found a sparkling altar of Nemelex Xobeh.
 17122 | Orc:1    | Entered Level 1 of the Orcish Mines
 17244 | Orc:2    | Entered Level 2 of the Orcish Mines
 18104 | Orc:2    | Found Waorech's Antique Armour Boutique.
 18180 | Orc:2    | Noticed an orc warlord
 18190 | Orc:2    | Reached ****** piety under Wu Jian
 18205 | Orc:2    | Reached skill level 14 in Short Blades
 18284 | Orc:2    | Found a staircase to the Elven Halls.
 18531 | Orc:2    | Killed an orc warlord
 18562 | Orc:2    | Paralysed by an orc sorcerer for 4 turns
 18643 | Orc:2    | Found Riugae's Antique Weapon Shoppe.
 18657 | Orc:2    | Found Wasol's Antique Armour Emporium.
 18936 | Orc:2    | Noticed an orc warlord
 19001 | Orc:2    | Killed an orc warlord
 19051 | Orc:2    | Paralysed by an orc sorcerer for 4 turns
 19128 | Orc:2    | Found Noipal's Distillery.
 19141 | Orc:2    | Bought a potion of heal wounds for 70 gold pieces
 19141 | Orc:2    | Bought a potion of heal wounds for 70 gold pieces
 19141 | Orc:2    | Bought a potion of heal wounds for 70 gold pieces
 19141 | Orc:2    | Bought a potion of heal wounds for 70 gold pieces
 19141 | Orc:2    | Bought a potion of heal wounds for 70 gold pieces
 19141 | Orc:2    | Bought a potion of heal wounds for 70 gold pieces
 19224 | Orc:2    | Reached XP level 15. HP: 117/117 MP: 15/15
 19257 | Orc:2    | Learned a level 2 spell: Call Imp
 19972 | Lair:1   | Reached skill level 10 in Evocations
 21924 | Lair:3   | Paralysed by a hornet for 1 turns
 22021 | Lair:3   | Identified a scroll of acquirement
 22023 | Lair:3   | Acquired 623 gold pieces
 22124 | Lair:3   | Found a staircase to the Snake Pit.
 22140 | Lair:3   | Reached skill level 5 in Translocations
 22635 | Lair:4   | Found a staircase to the Swamp.
 22764 | Lair:4   | Found a runed translucent door.
 23045 | Lair:3   | Acquired the +0 crystal plate armour of Mumblety Peg {-Cast
                  | rN+ Slay+5}
 23247 | Lair:4   | Noticed Snorg
 23265 | Lair:4   | Killed Snorg
 23482 | Lair:4   | Upgraded the game from 0.29-a0-350-g7790a0e70a to
                  | 0.29-a0-352-g0917bc69df
 23965 | Lair:5   | Found a staircase to the Slime Pits.
 24510 | Lair:6   | Entered Level 6 of the Lair of Beasts
 24555 | Lair:6   | Found a runed translucent door.
 24681 | Lair:6   | Gained mutation: Your demonic aura causes all spilled blood
                  | to erupt in flames. [demonic ancestry]
 24681 | Lair:6   | Reached XP level 16. HP: 99/126 MP: 13/16
 24974 | Lair:6   | Reached skill level 10 in Stealth
 25109 | Lair:6   | Noticed Nessos
 25114 | Lair:6   | Killed Nessos
 26395 | Snake:1  | Entered Level 1 of the Snake Pit
 27539 | Snake:2  | Noticed NateTC's ghost (journeyman HOFi)
 27540 | Snake:2  | Found a runed translucent door.
 27650 | Snake:2  | Noticed Frances
 27661 | Snake:2  | Found a shimmering blue altar of Sif Muna.
 27667 | Snake:2  | Killed Frances
 29131 | Snake:2  | Reached XP level 17. HP: 64/135 MP: 10/17
 29454 | Snake:2  | Killed NateTC's ghost
 30006 | Snake:3  | Found a frozen archway.
 30019 | IceCv    | Entered an ice cave
 30666 | IceCv    | HP: 6/135 [ironbound frostheart/creeping frost[an orange
                  | crystal statue] (20)]
 30666 | IceCv    | Killed from afar by an ironbound frostheart

Illustrated notes

Levels and vault maps discovered:
D:1:      lemuel_arrival_behind_the_door_small, layout_loops_corners,
          minmay_misc_feat_rows, minivault_14
D:2:      layout_rooms, basic_altar
D:3:      layout_rooms, gup_sewer_entry_spiral, serial_shops, shop
D:4:      layout_basic, marbit_many_paths
D:5:      layout_cave_pools
D:6:      layout_basic, nicolae_qazlal_scattered_showers,
          minmay_temple_entry_poolview, gammafunk_ghost_smash,
          lightli_orcish_oven, uniq_pikel, uniq_duvessa, uniq_sigmund
D:7:      layout_basic, nicolae_overflow_hidden_temple, nrook_mini_vaults,
          uniq_joseph, uniq_maggie
D:8:      layout_cave_pools, minitemple, serial_column_ruins,
          column_ruins_open_small, column_ruins_corridor_corner,
          column_ruins_open_tiny, column_ruins_columns_corner,
          column_ruins_open_tiny, column_ruins_grid_1, column_ruins_open_small,
          minmay_hollow_rounded_squares
D:9:      layout_stronghold, orc_0_dummy, kennysheep_minor_cross,
          roderic_serpentine_path, minmay_misc_feat_tower
D:10:     layout_long_grid, lemuel_tele_altar, general_overflow_altar,
          minmay_increasing_density
D:11:     layout_cave_pools, erik_lair_dragon, cheibrodos_ashenzari_chains,
          uniq_nergalle, uniq_gastronok
D:12:     layout_roguey
D:13:     layout_loops_ring, nrook_pool_corridor, dreamdust_wishing_well,
          uniq_jorgrun, uniq_erolcha
D:14:     minmay_dotted_concentric_squares, layout_loops_ring,
          skrybe_vaults_entry_preservation, grunt_decor_resistance,
          gauntlet_entry_generic, kennysheep_just_a_vault, uniq_azrael
D:15:     grunt_enter_depths_magical_seal, layout_basic, minmay_misc_feat_cross,
          minmay_shop_grid_forest, vehumet_altar_wand_db
Temple:   compressed_dpeg_circular_temple
Lair:1:   layout_cave_pods, basic_altar
Lair:2:   beast_lair_carwin_large_2, layout_chaotic_city,
          infiniplex_staircase_pool, serial_bayou_shore_b
Lair:3:   kb_forest_paths, layout_gridlike, minmay_stone_trees_small,
          infiniplex_staircase_pool_2
Lair:4:   gammafunk_mikee_crab_dinner, layout_regular_city,
          minmay_swamp_entry_swarm, uniq_snorg
Lair:5:   layout_loops_ring, minmay_slime_entry_jelly_boxes
Lair:6:   wormcave, layout_gridlike, guppyfry_lair_end_dragon, uniq_nessos
Snake:1:  layout_basic, grunt_ministairs_13
Snake:2:  layout_layer_cave, hellmonk_ghost_happy_afterlife, basic_altar,
          nicolae_snake_scaly_snakehead, uniq_frances
Snake:3:  layout_grid_maze, serial_shops, nicolae_shop_statue_plus,
          portal_ice_cave_entry_pillars_four
Orc:1:    layout_diamond_mine
Orc:2:    grunt_orc_community_town_hall, layout_diamond_mine,
          grunt_orc_community_big_house_2, grunt_orc_community_big_house_1,
          grunt_orc_community_house_2, grunt_orc_community_house_2,
          grunt_orc_community_house_1, grunt_orc_community_house_3,
          lemuel_statue_altar, hangedman_minor_magic
IceCv:    ice_cave_caverns_02

Skill      XL: |  1  2  3  4  5  6  7  8  9 10 11 12 13 14 15 16 17 |
---------------+----------------------------------------------------+-----
Armour         | 3 4 5 6 |  6.1
Axes           | 2 3 4 |  4.9
Shields        | 3 4 5 6 7 8 9 |  9.7
Dodging        | 1 2 3 4 5 6 7 8 9 |  9.5
Fighting       | 4 5 6 7 8 9 10 11 12 | 12.7
Stealth        | 1 3 4 5 6 7 9 11 12 | 12.2
Short Blades   | 2 5 8 10 11 12 13 14 | 14.0
Throwing       | 1 2 3 |  3.4
Evocations     | 3 5 7 8 9 11 12 | 12.3
Summonings     | 4 6 |  6.2
Translocations | 4 6 7 8 |  8.2

Action                   |  1- 3 |  4- 6 |  7- 9 | 10-12 | 13-15 | 16-18 || total
-------------------------+-------+-------+-------+-------+-------+-------++-------
Melee: War axe           |   116 |   139 |    12 |       |       |       ||   267
       Dagger            |       |    16 |       |       |       |       ||    16
       Rapier            |       |       |   174 |   442 |  1246 |   640 ||  2502
       Headbutt          |       |       |    37 |   125 |   286 |   175 ||   623
 Fire: Hand crossbow     |       |       |       |    10 |       |       ||    10
Throw: Stone             |     5 |    16 |    16 |       |       |       ||    37
       Boomerang         |       |       |       |    17 |    21 |       ||    38
 Cast: Call Canine Famil |       |       |       |     1 |    21 |       ||    22
       Blink             |       |       |       |       |     4 |     2 ||     6
       Call Imp          |       |       |       |       |    15 |       ||    15
Invok: Lunge             |       |       |    14 |    52 |   200 |    91 ||   357
       Whirlwind         |       |       |       |    46 |    94 |    24 ||   164
       Serpent's Lash    |       |       |       |     1 |     1 |       ||     2
 Abil: Wall Jump         |       |       |       |    14 |    49 |    13 ||    76
Evoke: Phantom mirror    |       |       |       |     1 |       |     1 ||     2
       Wand              |       |       |       |       |     3 |     1 ||     4
  Use: Scroll            |     6 |     3 |     3 |     8 |     8 |     4 ||    32
       Potion            |     1 |     2 |     1 |     3 |       |     4 ||    11
 Stab: Sleeping          |       |       |     2 |    13 |    63 |    35 ||   113
       Distracted        |       |       |       |     3 |     6 |    10 ||    19
Armor: Scale mail        |    70 |    63 |    17 |       |       |       ||   150
       Plate armour      |       |       |    29 |       |       |       ||    29
       Chain mail        |       |       |     9 |       |       |       ||     9
       Steam dragon scal |       |       |     7 |    27 |       |       ||    34
       Troll leather arm |       |       |       |    36 |    91 |    55 ||   182
Dodge: Dodged            |    67 |    80 |    82 |   174 |   375 |   289 ||  1067
       Repelled          |       |       |     1 |     1 |    15 |    18 ||    35
Block: Buckler           |    22 |    32 |    49 |    87 |   103 |       ||   293
       Kite shield       |       |       |       |       |   143 |   251 ||   394

Table legend: (Time is in decaauts)
 A = Elapsed time spent in this place.
 B = Non-inter-level travel time spent in this place.
 C = Inter-level travel time spent in this place.
 D = Time resting spent in this place.
 E = Time spent auto-exploring this place.
 F = Levels seen in this place.
 G = Mean time per level.
                   A        B        C        D        E       F      G
               +--------+--------+--------+--------+--------+-----+--------+
         Total |  30570 |  29048 |   1522 |   2511 |  16244 |  28 | 1091.8 |
       Dungeon |  17396 |  16475 |    921 |   1862 |   9514 |  15 | 1159.7 |
        Temple |    118 |    118 |      0 |      0 |     10 |   1 |  118.0 |
          Lair |   6549 |   6057 |    492 |    198 |   3800 |   6 | 1091.5 |
     Snake Pit |   3514 |   3454 |     60 |    294 |   1874 |   3 | 1171.3 |
  Orcish Mines |   2362 |   2314 |     48 |     95 |    931 |   2 | 1181.0 |
      Ice Cave |    628 |    628 |      0 |     62 |    115 |   1 |  628.0 |
               +--------+--------+--------+--------+--------+-----+--------+

Top non-repeatable levels by time:
 Snake:2: 2212 daAuts
   Orc:2: 1601 daAuts
     D:1: 1569 daAuts
    D:10: 1433 daAuts
  Lair:6: 1397 daAuts
    D:11: 1337 daAuts
     D:9: 1304 daAuts
     D:3: 1279 daAuts
    D:14: 1267 daAuts
     D:6: 1240 daAuts
     D:8: 1206 daAuts
  Lair:4: 1168 daAuts
     D:4: 1148 daAuts
    D:13: 1097 daAuts
  Lair:3: 1079 daAuts
